 Dungeon Sprint DCSS version 0.30-a0-1016-gfb0d676c02 (webtiles) character file.

Game seed: 3723375088310648778

1080 fozzywoppz the Fighter (level 8, -3/72 HPs)
             Began as a Demonspawn Monk on Apr 6, 2023.
             Was a Believer of Jiyva.
             Slain by a catoblepas (14 damage)
             ... while petrified by a catoblepas
             ... in the Dungeon (Sprint IX: "|||||||||||||||||||||||||||||").
             The game lasted 00:02:44 (294 turns).

fozzywoppz the Fighter (Demonspawn Monk)             Turns: 294, Time: 00:02:45

Health: -3/72      AC: 12    Str: 19    XL:     8   Next: 8%
Magic:  8/8        EV:  2    Int: 12    God:    Jiyva [**....]
Gold:   0          SH:  0    Dex: 16    Spells: 7/7 levels left

rFire   . . .      SeeInvis .      - Unarmed
rCold   . . .      Faith    .    (no shield)
rNeg    + + +      Spirit   .    m - +1 chain mail
rPois   ∞          Reflect  .    (no helmet)
rElec   .          Rampage  .    (no cloak)
rCorr   +          NoTele   +    (no gloves)
Will    .....                    n - +0 pair of boots Stlth
                                 (no amulet)
HPRegen 1.28/turn                k - +3 ring of strength
MPRegen 0.41/turn                l - +3 ring of strength

@: petrified
A: large bone plates 1, powered by death 2, demonic magic 2
a: Renounce Religion


You were in the Dungeon.
You worshipped Jiyva.
Jiyva was pleased with you.
You visited 1 branch

Inventory:

Armour
 m - a +1 chain mail (worn)
 n - a +0 pair of boots (worn)
Jewellery
 k - a +3 ring of strength (left hand)
 l - a +3 ring of strength (right hand)
Wands
 j - a wand of iceblast (6)
Scrolls
 h - 2 scrolls of blinking
 i - 2 scrolls of amnesia
Potions
 c - 5 potions of curing
 d - 2 potions of heal wounds
 f - 4 potions of magic
 g - a potion of invisibility


   Skills:
 + Level 9.9 Fighting
 + Level 6.4 Armour
 + Level 9.1 Dodging
 - Level 2.0 Stealth
 + Level 9.1 Unarmed Combat


You had 7 spell levels left.
You didn't know any spells.
Your spell library was empty.

Dungeon Overview and Level Annotations

Branches:
Dungeon (1/1)

Altars:
Cheibriados
Dithmenos
Fedhas
Gozag
Hepliaklqana
Kikubaaqudgha
Makhleb
Nemelex Xobeh
Okawaru
Qazlal
Ru
Sif Muna
Trog
Uskayaw
Vehumet
Wu Jian
Xom
Yredelemnul
Jiyva
Lugonu


Innate Abilities, Weirdness & Mutations

You are partially covered in large bone plates. (SH +4)
You regenerate health from kills.
Spells you cast may paralyse nearby enemies.


Message History

* * * LOW HITPOINT WARNING * * *
You are engulfed in calcifying dust.
The catoblepas gores you!
* * * LOW HITPOINT WARNING * * *
You turn to flesh and can move again.
There is an open door to the Dungeon, spattered with blood here.
You see here a yak corpse.
You are engulfed in calcifying dust.
You are slowing down.
Okay, then.
You punch the catoblepas!
The catoblepas is heavily wounded.
You are engulfed in calcifying dust.
The catoblepas gores you.
* * * LOW HITPOINT WARNING * * *
The catoblepas gores you!
* * * LOW HITPOINT WARNING * * *
Your limbs are stiffening.
You are confused.
You feel invigorated.
You are engulfed in calcifying dust.
Your limbs have turned to stone.
The catoblepas breathes a plume of calcifying dust at you.
The blast of calcifying dust hits you but does no damage.
You have turned to stone.
You are engulfed in calcifying dust.
The catoblepas breathes a plume of calcifying dust at you.
The blast of calcifying dust hits you. The catoblepas gores you!!
* * * LOW HITPOINT WARNING * * *
You feel less invigorated.
You feel less confused. The catoblepas gores you!
* * * LOW HITPOINT WARNING * * *
The catoblepas gores you!
* * * LOW HITPOINT WARNING * * *
The catoblepas gores you!
* * * LOW HITPOINT WARNING * * *
The catoblepas gores you!
* * * LOW HITPOINT WARNING * * *
The catoblepas completely misses you. The catoblepas gores you!!
You die... ▓▓▓▓▓▓▓▓▓▓▓▓▓▓▓▓▓▓▓▓▓▓▓▓▓▓▓▓▓▓▓ _______'..).[[..@Y{Ccc..'...Ccc ▓▓▓▓▓▓▓▓▓▓▓▓▓▓▓▓▓▓▓▓▓▓▓▓▓▓▓▓▓▓▓

You could see a catoblepas, 2 centaur warriors and a cyclops.

Vanquished Creatures
  An unseen horror (D)
  3 yaks (D)
  An acid dragon (D)
  A black bear (D)
  A centaur (D)
  A sleepcap (D)
  An iguana (D)
  An orc wizard (D)
  A gnoll (D)
  A dart slug (D)
  2 hobgoblins (D)
  A quokka (D)
  A kobold (D)
  A rat (D)
17 creatures vanquished.

Vanquished Creatures (others)
  2 great orbs of eyes (D)
  A slime creature (D)
3 creatures vanquished.

Grand Total: 20 creatures vanquished

Notes
Turn   | Place    | Note
-------+----------+-------------------------------------------
     0 | D        | fozzywoppz the Demonspawn Monk began the quest for the Orb.
     0 | D        | Reached XP level 1. HP: 18/18 MP: 1/1
    44 | D        | Noticed a sleepcap
    44 | D        | Noticed a black bear
    44 | D        | Noticed an iguana
    50 | D        | Killed a sleepcap
    51 | D        | Gained mutation: You are partially covered in large bone
                  | plates. (SH +4) [demonic ancestry]
    51 | D        | Reached XP level 2. HP: 26/26 MP: 2/2
    51 | D        | Gained mutation: You regenerate a little health from kills.
                  | [demonic ancestry]
    51 | D        | Reached XP level 3. HP: 31/31 MP: 3/3
    58 | D        | Killed a black bear
    59 | D        | Reached skill level 5 in Dodging
    59 | D        | Reached skill level 5 in Unarmed Combat
    59 | D        | Gained mutation: You regenerate health from kills. [demonic
                  | ancestry]
    59 | D        | Reached XP level 4. HP: 33/40 MP: 4/4
    69 | D        | Gained mutation: Spells you cast may paralyse adjacent
                  | enemies. [demonic ancestry]
    69 | D        | Reached XP level 5. HP: 29/47 MP: 5/5
    77 | D        | Found a snail-covered altar of Cheibriados.
    77 | D        | Found a shadowy altar of Dithmenos.
    77 | D        | Found a blossoming altar of Fedhas.
    77 | D        | Found an opulent altar of Gozag.
    78 | D        | Found a hazy altar of Hepliaklqana.
    79 | D        | Found a viscous altar of Jiyva.
    80 | D        | Found an ancient bone altar of Kikubaaqudgha.
    81 | D        | Found a corrupted altar of Lugonu.
    82 | D        | Found a burning altar of Makhleb.
    83 | D        | Found a sparkling altar of Nemelex Xobeh.
    84 | D        | Found an iron altar of Okawaru.
    85 | D        | Found a stormy altar of Qazlal.
    86 | D        | Found a sacrificial altar of Ru.
    87 | D        | Found a shimmering blue altar of Sif Muna.
    88 | D        | Found a bloodstained altar of Trog.
    89 | D        | Found a hide-covered altar of Uskayaw.
    90 | D        | Found a radiant altar of Vehumet.
    91 | D        | Found an ornate altar of the Wu Jian Council.
    92 | D        | Found a shimmering altar of Xom.
    93 | D        | Found a basalt altar of Yredelemnul.
   117 | D        | Became a worshipper of Jiyva Jeuth the Shapeless
   117 | D        | Reached * piety under Jiyva
   117 | D        | Reached ** piety under Jiyva
   119 | D        | Killed a great orb of eyes
   119 | D        | Killed a great orb of eyes
   120 | D        | Killed a slime creature
   177 | D        | Noticed a yak
   177 | D        | Noticed an acid dragon
   177 | D        | Noticed a yak
   177 | D        | Noticed a centaur
   177 | D        | Noticed a yak
   185 | D        | Killed a yak
   186 | D        | Reached XP level 6. HP: 44/56 MP: 6/6
   198 | D        | Killed an acid dragon
   215 | D        | Killed a yak
   216 | D        | Reached XP level 7. HP: 4/63 MP: 7/7
   228 | D        | Reached skill level 5 in Armour
   244 | D        | Killed a yak
   251 | D        | Noticed a shadow
   251 | D        | Noticed a catoblepas
   251 | D        | Noticed a cyclops
   251 | D        | Noticed a centaur warrior
   251 | D        | Noticed a centaur warrior
   269 | D        | Killed an unseen horror
   270 | D        | Gained mutation: Spells you cast may paralyse nearby
                  | enemies. [demonic ancestry]
   270 | D        | Reached XP level 8. HP: 45/72 MP: 8/8
   294 | D        | Slain by a catoblepas

Illustrated notes

Levels and vault maps discovered:
D:        linesprint [early_d, line_temple, items_1, d_10, items_2, lair_1,
          lair_end, items_3, orc_1, orc_end, items_4, d_15, swamp_1, shoals_1,
          snake_1, spider_1, d_20, vaults_1, items_5, swamp_end, shoals_end,
          snake_end, spider_end, vaults_end, d_27, items_6, zot_1, zot_end,
          crypt_end, forest_end, elf_end, slime_end, tomb_end, abyss_end,
          pan_hell_end]

Skill      XL: |  1  2  3  4  5  6  7 |
---------------+----------------------+-----
Stealth        | 2 |  2.0
Dodging        | 4 5 7 8 9 |  9.1
Unarmed Combat | 4 5 7 8 9 |  9.1
Fighting       | 4 6 7 8 9 |  9.9
Armour         | 3 4 6 |  6.4

Action                     |  1- 3 |  4- 6 |  7- 9 || total
---------------------------+-------+-------+-------++-------
  Melee: Unarmed           |    29 |    50 |    27 ||   106
         Punch             |     2 |     3 |     2 ||     7
  Evoke: Wand              |       |       |     4 ||     4
    Use: Potion            |     1 |     1 |     2 ||     4
 Armour: Robe              |       |     1 |       ||     1
         Chain mail        |       |     4 |    16 ||    20
  Dodge: Dodged            |    15 |    15 |     9 ||    39
  Block: Other             |       |     5 |     4 ||     9

Table legend: (Time is in decaauts)
 A = Elapsed time spent in this place.
 B = Non-inter-level travel time spent in this place.
 C = Inter-level travel time spent in this place.
 D = Time resting spent in this place.
 E = Time spent auto-exploring this place.
 F = Levels seen in this place.
 G = Mean time per level.
                   A        B        C        D        E       F      G
               +--------+--------+--------+--------+--------+-----+--------+
         Total |    277 |    277 |      0 |     18 |      0 |   1 |  277.0 |
       Dungeon |    277 |    277 |      0 |     18 |      0 |   1 |  277.0 |
               +--------+--------+--------+--------+--------+-----+--------+

Top non-repeatable levels by time:
       D: 277 daAuts
